 Dungeon Crawl Stone Soup version 0.22-a0-596-gfbd32a6 (webtiles) character file.

6724 emperorscorpion the Cleaver (level 10, -2/84 HPs)
             Began as a Centaur Berserker on July 6, 2018.
             Was a High Priest of Trog.
             Slain by a yak (12 damage)
             ... on level 9 of the Dungeon.
             The game lasted 00:22:16 (11636 turns).

emperorscorpion the Cleaver (Centaur Berserker)    Turns: 11636, Time: 00:22:17

Health: -2/84      AC: 12    Str: 22    XL:     10   Next: 74%
Magic:  10/10      EV:  9    Int:  4    God:    Trog [*****.]
Gold:   377        SH:  0    Dex: 10    Spells: 9/9 levels left

rFire    . . .     SeeInvis .   a - +0 hand axe
rCold    + . .     Gourm    .   (no shield)
rNeg     . . .     Faith    +   y - +0 scale mail
rPois    .         Spirit   .   f - +2 helmet
rElec    .         Reflect  .   s - +0 cloak
rCorr    .         Harm     .   (no gloves)
MR       .....                  (no barding)
Stlth    ..........             h - amulet of faith
HPRegen  0.24/turn              g - ring of protection from cold
MPRegen  0.12/turn              (no ring)

@: berserk cooldown, slowed
A: large, hooves 3, deformed body, dopey 1, speed 2, tough skin 3
a: Berserk, Trog's Hand, Brothers in Arms, Renounce Religion


You were on level 9 of the Dungeon.
You worshipped Trog.
Trog was extremely pleased with you.
You were near starving.

You visited 1 branch of the dungeon, and saw 9 of its levels.

You collected 632 gold pieces.
You spent 255 gold pieces at shops.

Inventory:

Hand Weapons
 a - a +0 hand axe (weapon)
 l - a +0 trident
Missiles
 n - 287 stones (quivered)
 t - a throwing net {!f}
 C - 4 poisoned needles
 E - 2 needles of confusion
 F - 4 needles of sleeping
 L - 6 curare-tipped needles
Armour
 b - a +0 animal skin
 e - a +0 ring mail
 f - a +2 helmet (worn)
 s - a +0 cloak (worn)
 y - a +0 scale mail (worn)
Jewellery
 g - a ring of protection from cold (left hand)
 h - an amulet of faith (around neck)
 D - an uncursed amulet of harm {unknown}
 G - an uncursed amulet of the gourmand {unknown}
 J - an uncursed amulet of magic regeneration {unknown}
 K - an uncursed amulet of the gourmand {unknown}
Wands
 k - a wand of disintegration (17)
 m - a wand of acid (8)
 q - a wand of random effects (9)
 H - a wand of digging (13)
Scrolls
 i - 2 scrolls of fog
 r - 6 scrolls of teleportation
 x - 3 scrolls of remove curse
 A - 3 scrolls of immolation
 I - a scroll of blinking
 N - 2 scrolls of identify
Potions
 d - a potion of cancellation
 j - a potion of brilliance
 o - a potion of lignification
 p - a potion of magic
 u - 2 potions of haste
 v - a potion of invisibility
 w - 2 potions of curing {unknown}
 z - 2 potions of flight {unknown}
 B - a potion of might {unknown}
Comestibles
 c - 25 rations
 M - a chunk of flesh


   Skills:
 + Level 6.7 Fighting
 + Level 9.0 Axes
 + Level 6.4 Throwing
 + Level 7.1 Armour
 + Level 3.8 Dodging
 + Level 1.5 Stealth
 + Level 1.2 Evocations


You had 9 spell levels left.
You didn't know any spells.
Your spell library contained the following spells:

 Spells                   Type           Power        Failure   Level  Hunger
 Magic Dart               Conj           #...         80%         1    ##.....
 Conjure Flame            Conj/Fire      #.......     99%         3    ####...
 Slow                     Hex            #.......     90%         2    ###....
 Mephitic Cloud           Conj/Pois/Air  #.......     99%         3    ####...
 Blink                    Tloc           N/A          90%         2    ###....
 Call Imp                 Summ           #.......     90%         2    ###....
 Spider Form              Tmut/Pois      #.........   99%         3    ####...
 Blade Hands              Tmut           #.........   100%        5    ######.
 Ice Form                 Ice/Tmut       #.......     100%        4    #####..
 Sticks to Snakes         Tmut           #.......     90%         2    ###....
 Beastly Appendage        Tmut           #.....       80%         1    ##.....


Dungeon Overview and Level Annotations

Branches:
Dungeon (9/15)             Temple (0/1) D:7
   Lair: D:8-11         Orc: D:9-12

Altars:
Ashenzari
Cheibriados
Dithmenos
Elyvilon
Fedhas
Hepliaklqana
Okawaru
Qazlal
Ru
Sif Muna
Trog
Uskayaw
Wu Jian
Xom
Yredelemnul
The Shining One

Shops:
D:9 ((*([

Annotations:
D:8 Prince Ribbit


Innate Abilities, Weirdness & Mutations

You have hooves in place of feet.
Armour fits poorly on your strangely shaped body.
You cover ground very quickly.
You have extremely tough skin. (AC +3)
You are dopey. (Int -2)


Message History

You hit the yak.
The yak is severely wounded.
The yak gores you but does no damage.
You slash the yak!
You kill the yak!
Trog accepts your kill.
Your Axes skill increases to level 9!
You slash the quokka!
You kill the quokka!
Trog accepts your kill.
You hit the yak but do no damage. You kick the yak!
The yak is moderately wounded.
The yak gores you.
* * * LOW HITPOINT WARNING * * *
You hit the yak. You kick the yak, but do no damage.
The yak is moderately wounded.
The yak gores you!
* * * LOW HITPOINT WARNING * * *
The yak gores you!
You die...

....... .. .......
..## ....... ..#
....(.. #.# ...(...
#.## ..(.... #..##
##Y...... ##...####
#####@#
#.......####....##
..#####........##
.###............#
###..............#
# #...............#
#.................#
#.................#
##................#


You could see a yak.

Vanquished Creatures
  Erica (D:8)
  A two-headed ogre (D:9)
  A hippogriff (D:7)
  Sigmund (D:2)
  A spriggan (D:7)
  2 wraiths (D:8)
  4 yaks (D:9)
  Menkaure (D:6)
  3 orc warriors
  A sky beast (D:9)
  2 black bears
  3 ogres
  2 phantoms
  2 centaurs (D:7)
  A bullfrog (D:8)
  2 big kobolds (D:8)
  4 scorpions
  14 killer bees
  A wight (D:8)
  2 electric eels (D:6)
  3 howler monkeys
  3 crimson imps
  A bullfrog zombie (D:7)
  A centaur zombie (D:9)
  A quasit (D:7)
  3 human zombies (D:8)
  3 hounds
  7 orc priests
  A centaur skeleton (D:4)
  3 bullfrog skeletons
  4 iguanas
  8 orc wizards
  7 worker ants
  An ogre skeleton (D:8)
  2 hound zombies
  A hound skeleton (D:8)
  2 mummies (D:8)
  A worker ant zombie (D:8)
  A gnoll (D:1)
  8 adders
  A gnoll (shapeshifter) (D:8)
  A shadow imp (D:7)
  A white imp (D:7)
  An ooze (D:1)
  2 adder skeletons
  3 worms
  14 dart slugs
  7 leopard geckos
  23 orcs
  2 giant cockroaches
  8 goblins
  2 hobgoblins (D:1)
  8 jackals
  A jackal (shapeshifter) (D:8)
  7 kobolds (D:8)
  4 quokkas
  A ball python (D:3)
  A ball python skeleton (D:4)
  9 bats
  12 frilled lizards
  An orc skeleton (D:8)
  2 orc zombies (D:8)
  5 rats
226 creatures vanquished.

Vanquished Creatures (others)
  A plant (D:4)
1 creature vanquished.

Grand Total: 227 creatures vanquished

Notes
Turn   | Place    | Note
-------+----------+-------------------------------------------
     0 | D:1      | emperorscorpion the Centaur Berserker began the quest for the Orb.
     0 | D:1      | Reached XP level 1. HP: 19/19 MP: 1/1
   260 | D:1      | Reached XP level 2. HP: 26/26 MP: 2/2
   347 | D:1      | Reached skill level 3 in Axes
   500 | D:1      | Reached XP level 3. HP: 31/31 MP: 3/3
   508 | D:1      | Reached ** piety under Trog
  1123 | D:2      | Noticed Sigmund
  1153 | D:2      | Killed Sigmund
  1153 | D:2      | Reached skill level 4 in Axes
  1153 | D:2      | Reached XP level 4. HP: 40/40 MP: 4/4
  1153 | D:2      | Reached XP level 5. HP: 46/46 MP: 5/5
  1735 | D:2      | Reached XP level 6. HP: 52/52 MP: 6/6
  2804 | D:4      | Found a shadowy altar of Dithmenos.
  2831 | D:4      | Reached *** piety under Trog
  3004 | D:4      | Reached skill level 1 in Throwing
  3041 | D:4      | Found a hide-covered altar of Uskayaw.
  3079 | D:4      | Found a hazy altar of Hepliaklqana.
  3085 | D:4      | Found an iron altar of Okawaru.
  3097 | D:4      | Found a white marble altar of Elyvilon.
  3187 | D:4      | Reached skill level 5 in Axes
  3484 | D:4      | Found a sacrificial altar of Ru.
  3648 | D:4      | Reached XP level 7. HP: 52/59 MP: 7/7
  4015 | D:4      | Found a snail-covered altar of Cheibriados.
  4106 | D:4      | Found a bloodstained altar of Trog.
  4237 | D:5      | Entered Level 5 of the Dungeon
  4461 | D:5      | Found an ornate altar of the Wu Jian Council.
  4670 | D:5      | Found a glowing golden altar of the Shining One.
  4734 | D:5      | Found a blossoming altar of Fedhas.
  4766 | D:5      | Found a shattered altar of Ashenzari.
  5109 | D:6      | Reached XP level 8. HP: 62/67 MP: 8/8
  5415 | D:7      | Reached **** piety under Trog
  5919 | D:6      | Found a glowing golden altar of the Shining One.
  6047 | D:7      | Reached skill level 6 in Axes
  6106 | D:7      | Reached skill level 5 in Fighting
  6574 | D:7      | Received a gift from Trog
  6677 | D:7      | Reached XP level 9. HP: 70/74 MP: 9/9
  6698 | D:7      | Found a deep blue altar of Sif Muna.
  6733 | D:7      | Reached skill level 7 in Axes
  6829 | D:7      | Found a staircase to the Ecumenical Temple.
  7191 | D:7      | Reached skill level 5 in Armour
  7392 | D:6      | Noticed Menkaure
  7405 | D:6      | Killed Menkaure
  7832 | D:6      | Found a stormy altar of Qazlal.
  8421 | D:7      | Reached skill level 5 in Throwing
  8421 | D:7      | Reached skill level 1 in Stealth
  8931 | D:8      | Reached skill level 8 in Axes
  8936 | D:8      | Received a gift from Trog
  8940 | D:8      | Reached ***** piety under Trog
  8971 | D:8      | Noticed Erica
  8982 | D:8      | Killed Erica
  8982 | D:8      | Reached skill level 1 in Evocations
  8982 | D:8      | Reached XP level 10. HP: 39/83 MP: 10/10
  9013 | D:8      | Noticed Prince Ribbit
  9573 | D:8      | Found a basalt altar of Yredelemnul.
  9606 | D:8      | Received a gift from Trog
 10453 | D:8      | Found a shimmering altar of Xom.
 10453 | D:8      | Found a shimmering altar of Xom.
 10456 | D:8      | Found a shimmering altar of Xom.
 10456 | D:8      | Found a shimmering altar of Xom.
 10530 | D:8      | Found a shimmering altar of Xom.
 10649 | D:8      | Received a gift from Trog
 11059 | D:9      | Found Engaifad's Armour Emporium.
 11092 | D:9      | Noticed a two-headed ogre
 11156 | D:9      | Killed a two-headed ogre
 11321 | D:9      | Found Natunips's Antique Weapon Shoppe.
 11331 | D:9      | Bought an ichor-stained hand crossbow for 255 gold pieces
 11331 | D:9      | Identified the +5 hand crossbow "Jurghumi" {speed, *Contam rN+ Str+3} (You bought it in a shop on level 9 of the Dungeon)
 11340 | D:9      | Found Hiutef's Weapon Emporium.
 11341 | D:9      | Found Zoco's Assorted Antiques.
 11357 | D:9      | Found Vahof's Weapon Emporium.
 11372 | D:9      | Gained mutation: You are dopey. (Int -2) [mutagenic glow]
 11633 | D:9      | Reached skill level 9 in Axes
 11636 | D:9      | Slain by a yak

Vault maps used:
D:1:      tarquinn_simple_flora_water_a
D:2:      grunt_ministairs_9, uniq_sigmund
D:3:      minmay_lizard_king
D:4:      lemuel_coloured_pillars_altar, eat_drink_and_be_merry_uskayaw,
          grunt_temple_overflow_open, nicolae_dithmenos_shadow_blocks,
          kennysheep_mini, serial_bayou_pond_b, nicolae_ru_awakened_eye
D:5:      old_standard_altar, tso_oasis_becter, basic_altar, first_ration,
          cheibrodos_ashenzari_chains
D:6:      kennysheep_slugbush, overflow_temple_1_default, basic_altar,
          small_statue_alley_b, uniq_menkaure
D:7:      lemuel_crystal_altar, minmay_temple_entry_from_below_a, dk_vineyard_3,
          the_bakery, minmay_fire_ice_demons
D:8:      lemuel_mausoleum_altar_yredelemnul, moated_statue, nrook_mini_vaults,
          serial_park_tiny_pond, xom_shifter_show, uniq_prince_ribbit1,
          uniq_erica
D:9:      gammafunk_ghost_arena, serial_shops, shop, shop, shop,
          nicolae_shop_stone, nicolae_shop_overgrown_old_shop

Skill      XL: |  1  2  3  4  5  6  7  8  9 10 |
---------------+-------------------------------+-----
Axes           | 3 4 5 6 8 9 |  9.0
Fighting       | 4 5 6 |  6.7
Armour         | 2 3 4 5 7 |  7.1
Dodging        | 2 3 |  3.8
Throwing       | 1 3 4 5 6 |  6.4
Stealth        | 1 |  1.5
Evocations     | 1 |  1.2

Action                   |  1- 3 |  4- 6 |  7- 9 | 10-12 || total
-------------------------+-------+-------+-------+-------++-------
Melee: Hand axe          |    74 |   123 |   345 |   228 ||   770
       Kick              |    20 |    25 |    86 |    63 ||   194
Throw: Stone             |       |    85 |   157 |    55 ||   297
       Javelin           |       |       |     2 |     9 ||    11
Invok: Berserk           |     2 |     3 |    14 |     5 ||    24
       Trog's Hand       |     1 |       |       |       ||     1
Evoke: Wand              |       |       |     6 |    11 ||    17
  Use: Scroll            |       |     8 |     5 |     6 ||    19
       Potion            |       |       |     8 |     1 ||     9
 Stab: Paralysed         |       |       |     2 |       ||     2
  Eat: Chunk             |     1 |    10 |    27 |     8 ||    46
       Ration            |       |       |       |     1 ||     1
Armor: Ring mail         |    38 |    52 |       |       ||    90
       Animal skin       |     2 |       |       |       ||     2
       Scale mail        |       |       |   169 |    98 ||   267
Dodge: Dodged            |    46 |    70 |   149 |    67 ||   332

Table legend:
 A = Spawn XP
 B = Non-spawn XP
 C = Spawn XP percentage of total XP
 D = Spawn monster count
 E = Non-spawn monster count
 F = Spawn count percentage of total count
 G = Total turns spent on level
                    A         B        C        D         E        F      G
               +---------+---------+-------+---------+---------+-------+---------
         Total |       0 |    9607 |   0.0 |       0 |     226 |   0.0 | 11636
               +---------+---------+-------+---------+---------+-------+---------
           D:1 |       0 |      66 |   0.0 |       0 |      25 |   0.0 |  1013
           D:2 |       0 |     336 |   0.0 |       0 |      17 |   0.0 |  1025
           D:3 |       0 |      40 |   0.0 |       0 |      19 |   0.0 |   748
           D:4 |       0 |     621 |   0.0 |       0 |      22 |   0.0 |  1451
           D:5 |       0 |     321 |   0.0 |       0 |      11 |   0.0 |   864
           D:6 |       0 |     964 |   0.0 |       0 |      27 |   0.0 |  1889
           D:7 |       0 |    2084 |   0.0 |       0 |      43 |   0.0 |  1827
           D:8 |       0 |    2452 |   0.0 |       0 |      36 |   0.0 |  2127
           D:9 |       0 |    2723 |   0.0 |       0 |      26 |   0.0 |   692
               +---------+---------+-------+---------+---------+-------+---------
